AoeStats
← salchipapas

Arabia

508600819Analyzed
1v1 RM · 8d ago on Sep 23, 2026· 23m 37s· 2 players
Game mode
Random Map
Map size
Tiny (2 player)
Population
200
Speed
Normal
Resources
Standard
Victory
Conquest
Starting age
Dark Age
Ending age
Imperial Age
RankedLock teamsTeams togetherTeam positionsShared explorationLock speedFull tech treeHidden civsTurbo modeCheats
Victory
Defeat
🇬🇧 Spanish · United Kingdom
1185
+14
🇨🇱 Magyars · Chile
1149
-14
Propaganda
8:15 Loom
10:15 Feudal Age
14:30 Castle Age
salchipapas
6:12 Loom
10:51 Feudal Age
14:53 Castle Age
16:54 Double-Bit Axe
19:47 Sanctity
Connection lost

Rejoining the realm…

Still unreachable

The connection could not be restored.

Session expired

The server has moved on; the page needs a fresh start.